 Dungeon Crawl Stone Soup version 0.30-a0-540-g0af01429fa (webtiles) character file.

Game seed: 6538141723302050599

36743 hikkokomori the Fighter (level 14, -2/113 HPs)
             Began as a Human Monk on Dec 25, 2022.
             Was a High Priest of Okawaru.
             Slain by a catoblepas (5 damage)
             ... while petrified by a catoblepas
             ... on level 4 of the Lair of Beasts on Dec 26, 2022.
             The game lasted 01:02:25 (16172 turns).

hikkokomori the Fighter (Human Monk)               Turns: 16172, Time: 01:02:25

Health: -2/113     AC: 18    Str: 19    XL:     14   Next: 25%
Magic:  12/12      EV:  2    Int: 10    God:    Okawaru [*****.]
Gold:   1383       SH:  0    Dex: 21    Spells: 1/22 levels left

rFire   . . .      SeeInvis +    h - +8 triple sword (vamp)
rCold   + . .      Faith    .    (shield currently unavailable)
rNeg    + + +      Spirit   .    j - +3 ring mail of Xoh Sigh {rC+ Int-3 SInv}
rPois   ∞          Reflect  .    q - +3 helmet "Zorhet" {Int+2}
rElec   +          Harm     .    o - +0 cloak {rPois}
rCorr   +          Rampage  .    U - +0 pair of gloves of Insecurity {rElec rCorr Str+4}
Will    +....                    L - +1 pair of boots "Uniwaq" {+Inv Fly MP-9 Str+4 Slay+5}
Stlth   +++                      G - amulet of regeneration
HPRegen 1.18/turn                p - +4 ring of slaying
MPRegen 0.13/turn                w - ring of wizardry

@: petrified, flying, studying Air Magic
A: no striking features
a: Renounce Religion, Evoke Invisibility, Heroism, Finesse, Duel


You were on level 4 of the Lair of Beasts.
You worshipped Okawaru.
Okawaru was extremely pleased with you.
You visited 2 branches of the dungeon, and saw 15 of its levels.
You also visited: Ossuary and Gauntlet.

You collected 1601 gold pieces.
You spent 218 gold pieces at shops.

Inventory:

Hand Weapons
 b - the +10 mace of the Slashing Gods {vorpal, rF+ Int-2 Dex+7 SInv}
   (You took it off a minotaur in a Gauntlet)

   It inflicts extra damage upon your enemies.
   Int:       It affects your intelligence (-2).
   Dex:       It affects your dexterity (+7).
   rF:        It protects you from fire.
   SInv:      It lets you see invisible.
 h - a +8 vampiric triple sword (weapon)
 n - the +7 dagger of Koerivou {freeze, *Noise rPois Int+4}
   (You found it in a Gauntlet)

   It freezes those it strikes, dealing additional cold damage.
   It can also slow down cold-blooded creatures.
   Int:       It affects your intelligence (+4).
   rPois:     It protects you from poison.
   *Noise:    It may make noises in combat.
 T - a +1 longbow of freezing
Missiles
 c - 8 javelins
 M - a throwing net
 W - 5 silver javelins
Armour
 a - a +0 troll leather armour
 j - the +3 ring mail of Xoh Sigh (worn) {rC+ Int-3 SInv}
   (Okawaru gifted it to you on level 11 of the Dungeon)

   Int:       It affects your intelligence (-3).
   rC:        It protects you from cold.
   SInv:      It lets you see invisible.
 o - a +0 cloak of poison resistance (worn)
 q - the +3 helmet "Zorhet" (worn) {Int+2}
   (You found it on level 11 of the Dungeon)

   Int:       It affects your intelligence (+2).
 v - the +0 pair of boots of Spite {Regen+ Str+4}
   (You bought it in a shop on level 5 of the Dungeon)

   Str:       It affects your strength (+4).
   Regen:     It increases your rate of health regeneration.
 L - the +1 pair of boots "Uniwaq" (worn) {+Inv Fly MP-9 Str+4 Slay+5}
   (Okawaru gifted it to you in a Gauntlet)

   Str:       It affects your strength (+4).
   Slay:      It affects your accuracy & damage with ranged weapons and melee
   (+5).
   MP:        It affects your magic capacity (-9).
   +Inv:      It lets you turn invisible.
   Fly:       It grants you flight.
 S - a +0 robe of resistance
 U - the +0 pair of gloves of Insecurity (worn) {rElec rCorr Str+4}
   (Okawaru gifted it to you on level 9 of the Dungeon)

   Str:       It affects your strength (+4).
   rElec:     It insulates you from electricity.
   rCorr:     It protects you from acid and corrosion.
 V - a +3 leather armour of poison resistance
Magical Staves
 m - a staff of earth
Jewellery
 i - a ring of positive energy
 l - a ring of flight
 p - a +4 ring of slaying (left hand)
 w - a ring of wizardry (right hand)
 x - a ring of resist corrosion
 G - an amulet of regeneration (around neck)
 P - a ring of see invisible
Wands
 e - a wand of polymorph (8)
 C - a wand of digging (8)
 E - a wand of iceblast (22)
 Z - a wand of quicksilver (4)
Scrolls
 d - 9 scrolls of teleportation
 f - 4 scrolls of fear
 k - 9 scrolls of enchant armour
 y - 2 scrolls of amnesia
 z - 2 scrolls of poison
 D - 4 scrolls of immolation
 I - 2 scrolls of silence
 K - 2 scrolls of blinking
 N - a scroll of identify
 O - 2 scrolls of magic mapping
 R - a scroll of fog
Potions
 g - 2 potions of heal wounds
 r - 4 potions of berserk rage
 s - 4 potions of ambrosia
 u - 9 potions of curing
 A - 2 potions of brilliance {unknown}
 B - 2 potions of mutation
 F - a potion of haste
 H - 4 potions of degeneration
 J - 3 potions of might
 Q - 2 potions of flight {unknown}
 X - a potion of magic {unknown}
 Y - 3 potions of attraction
Miscellaneous
 t - a piece from Xom's chessboard (15/15)


   Skills:
 - Level 11.0 Fighting
 + Level 10.7 Long Blades
 + Level 6.5 Armour
 + Level 10.3 Dodging
 - Level 6.6 Stealth
 - Level 4.8 Spellcasting
 - Level 5.8 Conjurations
 - Level 1.4 Translocations
 - Level 10.7 Air Magic
 - Level 8.2 Invocations


You had one spell level left.
You knew the following spells:

 Your Spells              Type           Power      Damage    Failure   Level
a - Shock                 Conj/Air       76%        1d7       1%          1
b - Swiftness             Air            23%        N/A       1%          3
c - Mephitic Cloud        Conj/Pois/Air  13%        N/A       4%          3
d - Airstrike             Air            11%        2d(2-18)  1%          4
e - Iskenderun's Mystic   Conj/Tloc      9%         2d4       32%         4
f - Starburst             Conj/Fire      4%         6d3       99%         6

Your spell library contained the following spells:

 Spells                   Type           Power      Damage    Failure   Level
 Magic Dart               Conj           56%        1d5       1%          1
 Freeze                   Ice            8%         1d3       16%         1
 Dazzling Flash           Conj/Hex       16%        N/A       14%         3
 Hailstorm                Conj/Ice       8%         3d4       14%         3
 Portal Projectile        Hex/Tloc       6%         N/A       32%         3
 Frozen Ramparts          Ice            4%         1d1       41%         3
 Ignite Poison            Fire/Tmut/Pois 2%         N/A       41%         3
 Sticky Flame             Conj/Fire      8%         2d3       41%         4
 Passage of Golubria      Tloc           5%         N/A       61%         4
 Cause Fear               Hex            1%         N/A       80%         4
 Leda's Liquefaction      Hex/Erth       1%         N/A       80%         4
 Yara's Violent Unravell  Hex/Tmut       1%         3d3       98%         5
 Dragon Form              Tmut           1%         N/A       100%        7
 Ignition                 Fire           1%         3d3       100%        8
 Call Imp                 Summ           Unusable   N/A       N/A         2
 Call Canine Familiar     Summ           Unusable   N/A       N/A         3
 Tukima's Dance           Hex            Unusable   N/A       N/A         3
 Dragon's Call            Summ           Unusable   N/A       N/A         9

Dungeon Overview and Level Annotations

Branches:
Dungeon (11/15)            Temple (0/1) D:4            Lair (4/5) D:11
  Swamp (0/4) Lair:3        Snake (0/4) Lair:3      Ossuary (visited)
Gauntlet (visited)
  Slime: Lair:4-5       Orc: D:9-12

Altars:
Ashenzari
Dithmenos
Fedhas
Okawaru
Trog
Vehumet
Xom

Shops:
D:1 =!   D:5 [   D:9 (

Portals:
Trove: D:11 (give 6 potions of haste)

Annotations:
D:5 1 runed translucent door, Crazy Yiuf
D:7 2 runed translucent doors, xzight's ghost, novice DEFE


Message History

The catoblepas gores you!! The yak gores you. The yak barely misses you.
The yak bellows!
The catoblepas breathes a plume of calcifying dust at you.
The blast of calcifying dust hits you! The yak gores you!
The yak gores you but does no damage. x2
You are engulfed in calcifying dust.
The catoblepas gores you!! The yak barely misses you. The yak gores you!
You are engulfed in calcifying dust.
The death yak snorts and paws the ground.
The catoblepas gores you!! The yak gores you.
The yak is engulfed in calcifying dust.
The yak is moving more slowly.
The yak gores you but does no damage. The yak gores you!
You are engulfed in calcifying dust.
The death yak gores you but does no damage.
The catoblepas breathes a plume of calcifying dust at you.
The blast of calcifying dust hits you but does no damage.
The blast of calcifying dust hits the yak!
The yak gores you!
* * * LOW HITPOINT WARNING * * *
The yak is engulfed in calcifying dust.
The yak stops moving altogether!
A catoblepas comes into view.
The yak gores you but does no damage.
You are engulfed in calcifying dust.
The death yak gores you.
* * * LOW HITPOINT WARNING * * *
The catoblepas breathes a plume of calcifying dust at you.
The blast of calcifying dust hits you but does no damage.
The blast of calcifying dust hits the yak!
The yak gores you but does no damage.
The yak is engulfed in calcifying dust.
The yak gores you!
* * * LOW HITPOINT WARNING * * *
The catoblepas bellows!
The death yak gores you but does no damage.
The catoblepas gores you!!
* * * LOW HITPOINT WARNING * * *
The yak gores you but does no damage. The yak gores you!
* * * LOW HITPOINT WARNING * * *
The death yak gores you!
* * * LOW HITPOINT WARNING * * *
The catoblepas gores you!
You die...

###..........#.## #....P##
#.............## #P.....#
###............## #.......
##P..........P.P#.###
#....................
#..........#..####P ..# #
..........P##...§## ##.##.
..........##..P)YY## #....#
..........#.P###@YY# #.P..
..........#.....YY..# #....
..........##........# ##....
...........###.....Y.. ##.....
..........## ..##.##.... ##......
...........#####..####.###...###.
...................P.###.....# ##
#.............P#....P#......P#
##...........#.PP.# #.#......#


You could see a death yak, 2 catoblepae and 4 yaks.

Vanquished Creatures
  A minotaur (Gauntlet)
  The ghost of drugrobin the Martial Artist, a journeyman DgDe (Lair:2)
  A vault guard (D:11)
  A boulder beetle (Lair:1)
  A centaur warrior (D:9)
  A two-headed ogre (D:9)
  12 death yaks
  A tengu warrior (D:9)
  3 bog bodies (Lair:3)
  A spectral hydra (Lair:2)
  2 orange crystal statues
  A necromancer (Gauntlet)
  An ugly thing (D:9)
  A cyclops (D:11)
  A manticore (D:11)
  4 cane toads
  9 komodo dragons
  2 trolls
  A queen bee (D:9)
  8 blink frogs
  A hornet (D:9)
  6 dream sheep (Lair:4)
  A shadow (D:10)
  A ynoxinul (Gauntlet)
  3 wraiths
  6 wyverns
  3 basilisks
  25 yaks
  2 steam dragons
  A catoblepas simulacrum (Lair:2)
  A spectral cane toad (Lair:2)
  A swamp worm (Lair:3)
  2 acid dragons
  6 water moccasins
  3 sky beasts
  2 ice beasts
  5 orc warriors
  A black bear (Lair:3)
  5 wolves (Lair:3)
  5 centaurs
  A black mamba simulacrum (Lair:2)
  A phantom (D:5)
  5 kobold brigands
  An elf zombie (Ossuary)
  9 bullfrogs
  A necrophage (D:6)
  4 scorpions
  A two-headed ogre simulacrum (D:11)
  18 wights
  36 killer bees
  A dream sheep simulacrum (Lair:2)
  6 howler monkeys
  An electric eel (Lair:3)
  3 komodo dragon simulacra (Lair:2)
  3 iron imps (Gauntlet)
  2 hounds
  A human zombie (Ossuary)
  3 jellies
  2 gnoll boudas
  3 orc priests
  8 orc wizards
  5 iguanas
  A troll simulacrum (D:11)
  2 hell rats (Lair:2)
  2 human simulacra (D:10)
  A hound zombie (Ossuary)
  4 mummies (Ossuary)
  11 gnolls
  7 adders
  2 naga simulacra (D:11)
  10 river rats (Lair:2)
  2 shadow imps (D:5)
  A white imp (D:6)
  3 ufetubi
  3 adder zombies
  3 worms
  34 orcs
  3 bat skeletons
  6 endoplasms
  4 giant cockroaches
  7 goblins
  11 hobgoblins
  4 jackals (D:5)
  20 kobolds
  6 quokkas
  5 ball pythons
  2 ball python skeletons (D:2)
  2 ball python zombies (D:2)
  A bat (D:1)
  3 frilled lizards
  A giant cockroach zombie (D:2)
  A gnoll zombie (Ossuary)
  2 hobgoblin zombies (Ossuary)
  A jackal zombie (Ossuary)
  2 quokka skeletons (D:2)
  6 rats
  3 rat zombies (Ossuary)
  A bush (Lair:4)
  2 butterflies (D:5)
427 creatures vanquished.

Vanquished Creatures (others)
  23 demonic plants (Gauntlet)
  8 fungi
  40 plants
  A withered plant (D:2)
72 creatures vanquished.

Grand Total: 499 creatures vanquished

Notes
Turn   | Place    | Note
-------+----------+-------------------------------------------
     0 | D:1      | hikkokomori the Human Monk began the quest for the Orb.
     0 | D:1      | Reached XP level 1. HP: 18/18 MP: 1/1
    94 | D:1      | Found Vibenac's Distillery.
   130 | D:1      | Reached XP level 2. HP: 24/24 MP: 2/2
   244 | D:1      | Found Iplec's Jewellery Shoppe.
   244 | D:1      | You fall into a shaft and drop 1 floor!
   823 | D:2      | Found a faded altar of an unknown god.
   840 | D:2      | Reached XP level 3. HP: 4/30 MP: 3/3
  1013 | D:2      | Reached skill level 4 in Fighting
  1126 | D:2      | Reached XP level 4. HP: 8/37 MP: 3/5
  1127 | D:2      | Reached skill level 1 in Spellcasting
  1838 | D:3      | Reached XP level 5. HP: 16/43 MP: 5/7
  2122 | D:3      | Learned a level 1 spell: Shock
  2126 | D:3      | Learned a level 3 spell: Swiftness
  2130 | D:3      | Learned a level 3 spell: Mephitic Cloud
  2535 | D:3      | HP: 1/43 [something (3)]
  2540 | D:3      | Reached skill level 1 in Air Magic
  2540 | D:3      | Reached XP level 6. HP: 12/50 MP: 9/9
  3403 | D:4      | Reached skill level 1 in Conjurations
  3412 | D:4      | Reached skill level 5 in Fighting
  3740 | D:4      | Found an iron altar of Okawaru.
  3872 | D:4      | Found a staircase to the Ecumenical Temple.
  3996 | D:4      | Reached XP level 7. HP: 40/56 MP: 1/10
  4122 | D:4      | Became a worshipper of Warmaster Okawaru
  4122 | D:4      | Reached * piety under Okawaru
  4122 | D:4      | Reached ** piety under Okawaru
  4493 | D:5      | Entered Level 5 of the Dungeon
  4526 | D:5      | Found a shimmering altar of Xom.
  4682 | D:5      | Found Odeloavo's Antique Armour Shop.
  4686 | D:5      | Bought a pair of ichor-stained boots for 218 gold pieces
  4686 | D:5      | Identified the +0 pair of boots of Spite {Regen+ Str+4}
                  | (You bought it in a shop on level 5 of the Dungeon)
  4822 | D:5      | Found a sand-covered staircase.
  4849 | Ossuary  | Entered an ossuary
  4909 | Ossuary  | Reached skill level 6 in Fighting
  4909 | Ossuary  | Reached skill level 5 in Air Magic
  4909 | Ossuary  | Reached XP level 8. HP: 56/64 MP: 11/11
  5365 | D:5      | Reached *** piety under Okawaru
  5540 | D:5      | Found a runed translucent door.
  5541 | D:5      | Noticed Crazy Yiuf
  5857 | D:6      | Reached skill level 1 in Invocations
  6037 | D:6      | Learned a level 4 spell: Airstrike
  6092 | D:6      | Reached XP level 9. HP: 62/71 MP: 8/12
  6249 | D:6      | Reached skill level 7 in Fighting
  6587 | D:7      | Found a large runed translucent door.
  6593 | D:7      | Found a large runed translucent door.
  6597 | D:7      | Noticed xzight's ghost (novice DEFE)
  6860 | D:7      | Reached **** piety under Okawaru
  7438 | D:8      | Reached skill level 5 in Conjurations
  7438 | D:8      | Reached XP level 10. HP: 71/80 MP: 16/16
  7453 | D:8      | Reached skill level 8 in Fighting
  7692 | D:8      | Found a radiant altar of Vehumet.
  8203 | D:9      | Reached ***** piety under Okawaru
  8209 | D:9      | Reached skill level 10 in Air Magic
  8219 | D:9      | Reached skill level 5 in Long Blades
  8254 | D:9      | Noticed a tengu warrior
  8296 | D:9      | Killed a tengu warrior
  8296 | D:9      | Identified the +0 pair of gloves of Insecurity {rElec rCorr
                  | Str+4} (Okawaru gifted it to you on level 9 of the Dungeon)
  8296 | D:9      | Received a gift from Okawaru
  8296 | D:9      | Noticed a green ugly thing
  8297 | D:9      | Reached skill level 9 in Fighting
  8297 | D:9      | Reached XP level 11. HP: 65/89 MP: 15/18
  8298 | D:9      | Noticed a centaur warrior
  8428 | D:9      | Found a bloodstained altar of Trog.
  8457 | D:9      | Noticed a two-headed ogre
  8653 | D:9      | Killed a centaur warrior
  8654 | D:9      | Reached skill level 5 in Dodging
  8923 | D:9      | Killed a green ugly thing
  9156 | D:9      | Killed a two-headed ogre
  9345 | D:9      | Found a broken altar of Ashenzari.
  9346 | D:9      | Found Yfuk's Antique Weapon Emporium.
  9505 | D:9      | Reached skill level 5 in Stealth
  9534 | D:9      | Reached skill level 10 in Fighting
  9665 | D:9      | Reached XP level 12. HP: 85/97 MP: 19/19
 10108 | D:10     | Entered Level 10 of the Dungeon
 10137 | D:10     | Learned a level 4 spell: Iskenderun's Mystic Blast
 10265 | D:10     | Found a blossoming altar of Fedhas.
 10461 | D:10     | Found a shadowy altar of Dithmenos.
 10673 | D:11     | Reached skill level 1 in Translocations
 10704 | D:11     | Found a staircase to the Lair.
 10730 | D:11     | Identified the +3 ring mail of Xoh Sigh {rC+ Int-3 SInv}
                  | (Okawaru gifted it to you on level 11 of the Dungeon)
 10730 | D:11     | Received a gift from Okawaru
 10944 | D:11     | Noticed a vault guard
 10955 | D:11     | Killed a vault guard
 11097 | D:11     | Identified the +3 helmet "Zorhet" {Int+2}
 11263 | D:11     | Identified a scroll of acquirement
 11412 | D:11     | Found a portal to a secret trove of treasure.
 11791 | Lair:1   | Entered Level 1 of the Lair of Beasts
 11800 | Lair:1   | Reached skill level 5 in Invocations
 12003 | Lair:1   | Noticed a boulder beetle
 12031 | Lair:1   | Killed a boulder beetle
 12146 | Lair:1   | Reached skill level 1 in Armour
 12163 | Lair:1   | Acquired a +4 vampiric triple sword
 12592 | Lair:2   | Reached XP level 13. HP: 100/105 MP: 20/20
 12761 | Lair:2   | Found a gate leading to a gauntlet.
 12771 | Gauntlet | Entered a Gauntlet
 12771 | Gauntlet | Found a transporter.
 12771 | Gauntlet | Found a transporter.
 12775 | Gauntlet | Found a transporter.
 12775 | Gauntlet | Found a transporter.
 12786 | Gauntlet | Found a transporter.
 12816 | Gauntlet | Found a transporter.
 12868 | Gauntlet | Found a transporter.
 12890 | Gauntlet | Found a transporter.
 12907 | Gauntlet | Found a transporter.
 12931 | Gauntlet | Found a transporter.
 13044 | Gauntlet | Found a transporter.
 13046 | Gauntlet | Noticed a hell beast
 13069 | Gauntlet | Found a transporter.
 13080 | Gauntlet | Found a transporter.
 13082 | Gauntlet | Noticed a catoblepas
 13253 | Gauntlet | Identified the -1 helmet of Noughts and Crosses {Rampage
                  | rN+}
 13269 | Gauntlet | Noticed a reaper
 13328 | Gauntlet | Identified the +1 pair of boots "Uniwaq" {+Inv Fly MP-9
                  | Str+4 Slay+5} (Okawaru gifted it to you in a Gauntlet)
 13328 | Gauntlet | Received a gift from Okawaru
 13390 | Gauntlet | Found a transporter.
 13413 | Gauntlet | Found a transporter.
 13557 | Gauntlet | Identified the +2 ring mail of Sunlight {Will+}
 13611 | Gauntlet | Identified the +10 mace of the Slashing Gods {vorpal, rF+
                  | Int-2 Dex+7 SInv}
 13611 | Gauntlet | Noticed a minotaur
 13618 | Gauntlet | Killed a minotaur
 13653 | Gauntlet | Identified the +7 dagger of Koerivou {freeze, *Noise rPois
                  | Int+4}
 13750 | Lair:2   | Learned a level 6 spell: Starburst
 13994 | Lair:2   | Found a runed translucent gate.
 13994 | Lair:2   | Found a runed translucent gate.
 13997 | Lair:2   | Found a runed translucent gate.
 13999 | Lair:2   | Noticed drugrobin's ghost (journeyman DgDe)
 14529 | Lair:2   | Killed drugrobin's ghost
 14530 | Lair:2   | Reached skill level 11 in Fighting
 14811 | Lair:3   | Reached skill level 5 in Armour
 14827 | Lair:3   | Found a staircase to the Swamp.
 14932 | Lair:3   | Reached skill level 10 in Long Blades
 14941 | Lair:3   | Found a staircase to the Snake Pit.
 15750 | Lair:3   | Reached XP level 14. HP: 91/113 MP: 12/21
 15799 | Lair:4   | Received a gift from Okawaru
 15806 | Lair:4   | Reached skill level 10 in Dodging
 15945 | Lair:4   | Identified the +1 leather armour of Spring {*Slow rF+ Int+3
                  | Stlth+}
 16172 | Lair:4   | HP: 3/113 [death yak (8)]
 16172 | Lair:4   | Slain by a catoblepas

Illustrated notes

Levels and vault maps discovered:
D:1:      lightli_arrival_isolated_outpost, layout_loops_ring, serial_shops,
          nicolae_square_shop, nicolae_square_shop, minmay_ruptured
D:2:      layout_basic, hellmonk_ecumenical_altar_blasted, serial_undead,
          serial_undead_e, serial_undead_d, serial_undead_d, serial_undead_a
D:3:      wad_lake_hut, layout_loops_ring
D:4:      layout_basic, kennysheep_okawaru_gauntlet,
          minmay_temple_entry_enclosed_plants
D:5:      layout_basic, xom_butterflies, serial_shops, shop,
          chequers_ossuary_entry_cave, hex_tiny, kennysheep_small_circle,
          uniq_crazy_yiuf_cottage
D:6:      layout_loops_cross
D:7:      layout_loops_ring, ebering_ghost_disaster_area
D:8:      layout_rooms, nicolae_vehumet_radiance
D:9:      hangedman_cross_cluster, layout_loops_ring, trog_book,
          ashenzari_altar_1, serial_shops, shop, serial_bayou_pond_a,
          minivault_7
D:10:     layout_roguey, nicolae_dithmenos_the_darkroom,
          mainiacjoe_overflow_concentric_impassable, fungi_pond_lemuel,
          bh_circular_ruins
D:11:     layout_basic, lair_entry_dummy, portal_ice_cave_entry_ice_simulacra,
          enter_trove_5, minivault_16
Lair:1:   layout_misc_corridors
Lair:2:   layout_roguey, gammafunk_ghost_necromancy, gauntlet_entry_generic,
          kennysheep_rathole
Lair:3:   layout_cave_pods, nicolae_swamp_entry_splash_gauntlet,
          dummy_snake_entry, minmay_stone_trees_medium
Lair:4:   beast_lair_carwin_large_1, layout_hall_layers

Skill      XL: |  1  2  3  4  5  6  7  8  9 10 11 12 13 14 |
---------------+-------------------------------------------+-----
Fighting       | 4 5 6 7 9 10 11 | 11.0
Spellcasting   | 1 2 4 |  4.8
Air Magic      | 1 3 5 7 8 10 | 10.7
Conjurations   | 2 3 4 5 |  5.8
Invocations    | 2 4 6 8 |  8.2
Long Blades    | 5 7 8 10 | 10.7
Dodging        | 4 6 8 9 10 | 10.3
Stealth        | 5 6 |  6.6
Translocations | 1 |  1.4
Armour         | 2 5 6 |  6.5

Action                   |  1- 3 |  4- 6 |  7- 9 | 10-12 | 13-15 || total
-------------------------+-------+-------+-------+-------+-------++-------
Melee: Falchion          |   111 |   190 |   297 |       |       ||   598
       Punch             |     1 |     1 |     4 |       |       ||     6
       Great sword       |       |       |     6 |   508 |       ||   514
       Triple sword      |       |       |       |    26 |   280 ||   306
Throw: Javelin           |       |    23 |       |     1 |       ||    24
 Cast: Shock             |       |    24 |    29 |    11 |       ||    64
       Mephitic Cloud    |       |     1 |       |     1 |       ||     2
       Airstrike         |       |       |     1 |    27 |       ||    28
Invok: Heroism           |       |       |     2 |     7 |     3 ||    12
Evoke: Wand              |       |       |     3 |     1 |     4 ||     8
  Use: Potion            |       |     3 |     1 |     6 |     4 ||    14
       Scroll            |       |     3 |     1 |    16 |     8 ||    28
 Stab: Sleeping          |     4 |     5 |     2 |     7 |     7 ||    25
       Distracted        |       |     1 |       |     1 |     2 ||     4
       Confused          |       |       |       |     1 |       ||     1
Armor: Robe              |    27 |    41 |    32 |       |       ||   100
       Ring mail         |       |       |    47 |    37 |   127 ||   211
       Steam dragon scal |       |       |    16 |    95 |       ||   111
       Troll leather arm |       |       |       |    84 |       ||    84
Dodge: Dodged            |    88 |   154 |   250 |   652 |   259 ||  1403

Table legend: (Time is in decaauts)
 A = Elapsed time spent in this place.
 B = Non-inter-level travel time spent in this place.
 C = Inter-level travel time spent in this place.
 D = Time resting spent in this place.
 E = Time spent auto-exploring this place.
 F = Levels seen in this place.
 G = Mean time per level.
                   A        B        C        D        E       F      G
               +--------+--------+--------+--------+--------+-----+--------+
         Total |  16615 |  15542 |   1073 |   1094 |   9187 |  17 |  977.4 |
       Dungeon |  11826 |  10930 |    896 |    957 |   6635 |  11 | 1075.1 |
          Lair |   3544 |   3368 |    176 |     56 |   2451 |   4 |  886.0 |
       Ossuary |    256 |    256 |      0 |      0 |    101 |   1 |  256.0 |
      Gauntlet |    988 |    988 |      0 |     81 |      0 |   1 |  988.0 |
               +--------+--------+--------+--------+--------+-----+--------+

Top non-repeatable levels by time:
     D:9: 2042 daAuts
     D:3: 1458 daAuts
     D:4: 1311 daAuts
  Lair:2: 1202 daAuts
     D:2: 1174 daAuts
    D:11: 1171 daAuts
     D:7: 1088 daAuts
  Lair:3: 1078 daAuts
Gauntlet: 988 daAuts
     D:5: 947 daAuts
  Lair:1: 796 daAuts
     D:6: 740 daAuts
     D:8: 727 daAuts
     D:1: 614 daAuts
    D:10: 550 daAuts
